 Dungeon Crawl Stone Soup version 0.25-a0-353-ged6d54792d (webtiles) character file.

Game seed: 1867673344032098317, levelgen mode: deterministic

173 Inarius the Chopper (level 5, -5/39 HPs)
             Began as a Mummy Gladiator on Jan 2, 2020.
             Splashed by Ijyb's acid (11 damage)
             ... on level 3 of the Dungeon.
             The game lasted 00:03:23 (3222 turns).

Inarius the Chopper (Mummy Gladiator)               Turns: 3222, Time: 00:03:25

Health: -5/39      AC: 10    Str: 19    XL:     5   Next: 28%
Magic:  5/5        EV:  8    Int:  7    God:
Gold:   215        SH:  0    Dex: 13    Spells: 4/4 levels left

rFire    x . .     SeeInvis .   a - +0 war axe
rCold    + . .     Gourm    .   (no shield)
rNeg     + + +     Faith    .   n - +1 chain mail {MR+}
rPois    ∞         Spirit   .   c - +0 helmet
rElec    .         Reflect  .   (no cloak)
rCorr    .         Harm     .   (no gloves)
MR       +....                  (no boots)
Stlth    ..........             (no amulet)
HPRegen  0.13/turn              (no ring)
MPRegen  0.09/turn              (no ring)

@: no status effects
A: no food or potions, fire vulnerability, cold resistance 1, negative energy
resistance 3, torment resistance, unbreathing
a: no special abilities


You were on level 3 of the Dungeon.
You were not hungry.

You visited 1 branch of the dungeon, and saw 3 of its levels.

You collected 215 gold pieces.

Inventory:

Hand Weapons
 a - a +0 war axe (weapon)
 b - a +2 dagger of electrocution
Armour
 c - a +0 helmet (worn)
 h - a +0 ring mail
 k - a +0 leather armour of cold resistance
 n - a +1 chain mail of magic resistance (worn)
Scrolls
 e - 2 scrolls of identify {unknown}
 f - 2 scrolls of fear {unknown}
 g - 2 scrolls of enchant armour {unknown}
 i - 4 scrolls of fog {unknown}
 j - a scroll of enchant weapon {unknown}
 l - a scroll of remove curse {unknown}
 m - a scroll of immolation {unknown}


   Skills:
 + Level 2.5 Fighting
 + Level 0.1 Short Blades
 * Level 4.1 Axes
 - Level 1.5 Throwing
 * Level 2.0 Armour
 - Level 2.4 Dodging


You had 4 spell levels left.
You didn't know any spells.
Your spell library was empty.

Dungeon Overview and Level Annotations

Branches:
Dungeon (3/15)

Altars:
Yredelemnul
The Shining One

Annotations:
D:3 Ijyb


Innate Abilities, Weirdness & Mutations

You do not eat or drink.
Your flesh is vulnerable to fire.
You are immune to poison.
Your flesh is cold resistant. (rC+)
You are immune to negative energy. (rN+++)
You are immune to unholy pain and torment.
You can survive without breathing.


Message History

You throw a throwing net. The throwing net closely misses Ijyb.
Ijyb hits you but does no damage.
Throwing (i - inventory)
d - a throwing net (quivered)
Press: ? - help, Shift-Dir - straight line, f/p - Ijyb
Aim: Ijyb, wielding a +0 club, wearing a +0 ring mail and carrying a wand of acid (4)
You throw a throwing net. The throwing net hits Ijyb.
Ijyb is caught in the net!
Ijyb struggles against the net.
You hit Ijyb.
Ijyb is lightly wounded.
Ijyb zaps a wand.
The bolt of acid hits you!
You are splashed with acid!
Ijyb struggles against the net.
You completely miss Ijyb.
Ijyb is lightly wounded.
You catch the helpless Ijyb completely off-guard!
You slash Ijyb!
Ijyb is severely wounded.
Ijyb zaps a wand.
The bolt of acid hits you!
* * * LOW HITPOINT WARNING * * *
You are splashed with acid!
You die...

#.....## #.# #.#.....
..... #.# ####.#.....
.#.#.# #.# ......# .#.#.#
#.# ####..###### ..#.#
#.# #........ ..#.#
#.#...#### #.#g#
#(#.#..<.#.##.#.#
#)#...##.#...@#.#
#(.#.###.####g#.# ##
##†#.# #.###....###...
#.#.# #......(......#
#.#.# #####...###.#.##
##.#.######.....##....#
#.........#)#.#.##....#
#...........#(#.##....#
#...........#.#.##....###


You could see Ijyb (caught).

Vanquished Creatures
  6 adders
  An ooze (D:1)
  3 worms
  6 dart slugs
  3 leopard geckos
  4 orcs (D:3)
  4 bats
  2 giant cockroaches
  10 hobgoblins
  7 jackals (D:3)
  8 kobolds
  2 quokkas (D:2)
  4 frilled lizards
  11 goblins
  14 rats
85 creatures vanquished.

Notes
Turn   | Place    | Note
-------+----------+-------------------------------------------
     0 | D:1      | Inarius the Mummy Gladiator began the quest for the Orb.
     0 | D:1      | Reached XP level 1. HP: 16/16 MP: 1/1
   161 | D:1      | Reached XP level 2. HP: 14/22 MP: 2/2
   320 | D:1      | Reached skill level 3 in Axes
   395 | D:1      | Reached XP level 3. HP: 16/27 MP: 3/3
  1145 | D:2      | Reached skill level 1 in Armour
  1159 | D:2      | Reached XP level 4. HP: 6/34 MP: 4/4
  1562 | D:2      | Found a glowing golden altar of the Shining One.
  1564 | D:2      | Noticed an angel
  1595 | D:2      | Found a basalt altar of Yredelemnul.
  2557 | D:2      | Reached skill level 4 in Axes
  2746 | D:3      | Reached XP level 5. HP: 31/39 MP: 5/5
  3209 | D:3      | Noticed Ijyb
  3222 | D:3      | Splashed by Ijyb's acid

Levels and vault maps discovered:
D:1:      ebering_trefoil_twist, layout_loops_cross
D:2:      minmay_thinvault, layout_loops_ring, grunt_temple_overflow_holy_war
D:3:      layout_loops_ring, uniq_ijyb

Skill      XL: |  1  2  3  4  5 |
---------------+----------------+-----
Axes           | 3 4 |  4.1
Armour         | 1 2 |  2.0
Fighting       | |  2.5
Short Blades   | |  0.1
Throwing       | |  1.5
Dodging        | |  2.4

Action                   |  1- 3 |  4- 6 || total
-------------------------+-------+-------++-------
Melee: War axe           |    93 |   143 ||   236
       Dagger            |    17 |    12 ||    29
Throw: Throwing net      |       |     3 ||     3
 Stab: Held in net/web   |       |     1 ||     1
Armor: Leather armour    |    23 |       ||    23
       Ring mail         |     7 |    42 ||    49
       Chain mail        |       |     7 ||     7
Dodge: Dodged            |   100 |    90 ||   190

Table legend:
 A = Non-vault XP
 B = Vault XP
 C = Vault XP percentage of total XP
 D = Non-vault monster count
 E = Vault monster count
 F = Vault count percentage of total count
                 A         B        C        D         E       F
            +---------+---------+-------+---------+---------+-------
      Total |     216 |      32 |  12.9 |      72 |      13 |  15.3
            +---------+---------+-------+---------+---------+-------
        D:1 |      52 |       0 |   0.0 |      25 |       0 |   0.0
        D:2 |     101 |      32 |  24.1 |      23 |      13 |  36.1
        D:3 |      63 |       0 |   0.0 |      24 |       0 |   0.0
            +---------+---------+-------+---------+---------+-------
